 Dungeon Crawl Stone Soup version bcrawl-1.19.1 (webtiles) character file.

Game seed: 4908249459804762665

53 Morbidden the Ducker (level 3, -4/28 HPs)
             Began as a Hill Orc Archaeologist on Nov 22, 2019.
             Slain by Robin
             ... wielding a +2 dagger of electrocution
              (15 damage)
             ... on level 3 of the Dungeon.
             The game lasted 00:02:54 (1875 turns).

Morbidden the Ducker (Hill Orc Archaeologist)       Turns: 1875, Time: 00:02:55

Health: -4/28      AC: 11    Str: 14    XL:     3   Next: 87%
Magic:  3/3        EV:  7    Int: 14    God:
Gold:   92         SH:  0    Dex: 14    Spells: 2/2 levels left

rFire    . . .     SeeInvis .   q - +0 short sword (flame)
rCold    . . .     Gourm    .   (no shield)
rNeg     . . .     Faith    .   i - +0 chain mail
rPois    .         Spirit   .   c - +1 hat
rElec    .         Reflect  .   (no cloak)
rCorr    .         Harm     .   (no gloves)
MR       .....                  d - +1 pair of boots
Stlth    ..........             (no amulet)
HPRegen  0.09/turn              n - +5 ring of dexterity
MPRegen  0.08/turn              (no ring)

@: studying Crossbows
A: no striking features
a: no special abilities


You were on level 3 of the Dungeon.
You were not hungry.

You visited 1 branch of the dungeon, and saw 3 of its levels.

You collected 92 gold pieces.

Inventory:

Hand Weapons
 q - a +0 short sword of flaming (weapon)
Armour
 c - a +1 hat (worn)
 d - a +1 pair of boots (worn)
 i - a +0 chain mail (worn)
 v - a +0 plate armour
Jewellery
 n - a +5 ring of dexterity (left hand)
 u - an uncursed amulet of faith
Scrolls
 b - a scroll of magic mapping {unknown}
 h - a scroll of identify
 l - a scroll of amnesia {unknown}
 m - a scroll of blinking {unknown}
 o - a scroll of noise {unknown}
 p - a scroll of enchant weapon {unknown}
 r - a scroll of teleportation {unknown}
 s - a scroll of remove curse {unknown}
Potions
 a - a potion of lignification {unknown}
 k - a potion of resistance {unknown}
 t - a potion of magic {unknown}
Books
 e - a manual of Crossbows
Miscellaneous
 f - an ancient crate
Comestibles
 g - 4 rations {!d}


   Skills:
 * Level 1.5 Fighting
   Level 1.5 Short Blades
   Level 1.5 Long Blades
   Level 1.5 Axes
   Level 1.5 Maces & Flails
   Level 1.5 Polearms
   Level 1.5 Staves
 * Level 1.1 Crossbows
 + Level 1.0 Armour
 + Level 3.2 Dodging
 - Level 2.6 Stealth
   Level 1.5 Unarmed Combat


You had 2 spell levels left.
You didn't know any spells.
Your spell library was empty.

Dungeon Overview and Level Annotations

Branches:
Dungeon (3/12)

Altars:
Fedhas
Xom

Annotations:
D:3 1 runed translucent door, Robin; RollingDesktops's ghost, weakling DsAK


Message History

You are too injured to fight recklessly!
You are too injured to fight recklessly!
You are too injured to fight recklessly!
You are too injured to fight recklessly!
You are too injured to fight recklessly!
You hit the goblin but do no damage. The goblin hits you but does no damage.
Robin hits you but does no damage.
You hit Robin but do no damage.
Robin is severely wounded.
Robin hits you but does no damage. The goblin hits you but does no damage.
The goblin shouts!
You hit Robin but do no damage.
Robin is severely wounded.
Robin hits you but does no damage. The goblin hits you.
Your chain mail prevents you from hitting Robin.
Robin is severely wounded.
The goblin hits you but does no damage. Robin hits you but does no damage.
You are electrocuted!
Ouch! That really hurt!
You die...

#.##.#.###.######.#####.#
#.##.### #.# #....##.#
#.##.# ..# ##g##.##.#
#.##.# #>## #........#
.....# . #gg......#
#.#### .. #g###.#.## #.#
#g##....# #.# #g##..#.#
..# #@##.##.# ..#
#†g.....# .## ####.####
#### ########.# ...#
#.....##.# ##.#
#.....##.# ##.#
#........# ...#
#.....####
##.#########.....#


You could see Robin, a hobgoblin and 5 goblins.

Vanquished Creatures
  A worm (D:2)
  2 dart slugs (D:2)
  A leopard gecko (D:1)
  A giant cockroach (D:2)
  10 goblins
  6 hobgoblins
  3 jackals (D:2)
  8 kobolds
  5 bats
  3 frilled lizards
  4 rats
44 creatures vanquished.

Notes
Turn   | Place    | Note
-------+----------+-------------------------------------------
     0 | D:1      | Morbidden the Hill Orc Archaeologist began the quest for
                  | the Orb.
     0 | D:1      | Reached XP level 1. HP: 15/15 MP: 1/1
   121 | D:1      | Reached skill level 1 in Fighting
   181 | D:1      | Reached XP level 2. HP: 23/23 MP: 2/2
   535 | D:1      | Reached skill level 3 in Dodging
   633 | D:1      | Found a shimmering altar of Xom.
   881 | D:1      | Reached XP level 3. HP: 28/28 MP: 3/3
  1156 | D:2      | Found a faded altar of an unknown god.
  1256 | D:2      | Found a blossoming altar of Fedhas.
  1559 | D:2      | Reached skill level 1 in Crossbows
  1755 | D:3      | Found a runed translucent door.
  1755 | D:3      | Noticed a bullfrog
  1756 | D:3      | Noticed RollingDesktops's ghost (weakling DsAK)
  1813 | D:3      | Reached skill level 1 in Armour
  1837 | D:3      | Noticed Robin
  1875 | D:3      | Slain by Robin

Skill      XL: |  1  2  3 |
---------------+----------+-----
Fighting       | 1 |  1.5
Dodging        | 3 |  3.2
Crossbows      | 1 |  1.1
Armour         | 1 |  1.0
Short Blades   | |  1.5
Long Blades    | |  1.5
Axes           | |  1.5
Maces & Flails | |  1.5
Polearms       | |  1.5
Staves         | |  1.5
Stealth        | |  2.6
Unarmed Combat | |  1.5

Action                   || total
-------------------------++-------
Melee: Whip              ||   143
       Short sword       ||    74
  Use: Scroll            ||     1
  Eat: Chunk             ||     3
Armor: Robe              ||     7
       Chain mail        ||   157
Dodge: Dodged            ||    89
